 Dungeon Crawl Stone Soup version 0.31-a0-544-gceb718ecc6 (webtiles) character file.

Game seed: 6117190995977131976

2809 lunkers the Martial Artist (level 10, -1/71 HPs)
             Began as a Meteoran Shapeshifter on Aug 15, 2023.
             Was an Initiate of Gozag.
             Slain by a troll (11 damage)
             ... on level 8 of the Dungeon.
             The game lasted 00:08:28 (3333 turns).

lunkers the Martial Artist (Meteoran Shapeshifter)  Turns: 3333, Time: 00:08:28

Health: -1/71      AC:  7    Str: 17    XL:     10   Next: 22%
Magic:  11/11      EV: 10    Int: 14    God:    Gozag
Gold:   688        SH:  0    Dex: 17    Spells: 9/9 levels left

rFire   . .          .
                       - Unarmed
rCold   . . .        (no shield)
rNeg    . . .        n - +1 scale mail
rPois   +            (helmet currently unavailable)
rElec   .            (cloak currently unavailable)
rCorr   .            (gloves currently unavailable)
SInv    .            (boots currently unavailable)
Will    +....        (no amulet) Stlth
                     k - ring of poison resistance
HPRegen 0.31/turn    (no ring)
MPRegen 0.12/turn

%: no passive effects
@: beast-form, gold aura, glowing
A: beast (slay +4), sense surroundings 2, otherworldly, glowing, explore regen,
horns 1, clever 1
a: Begin Untransformation, Renounce Religion, Potion Petition, Call Merchant,
Bribe Branch


You were on level 8 of the Dungeon.
You worshipped Gozag.
Gozag was pleased with you.
You were a hulking beast.
You visited 1 branch of the dungeon, and saw 8 of its levels.
You also visited: Sewer.

You collected 736 gold pieces.
You paid 48 gold pieces to Gozag.

Inventory:

Missiles
 p - a throwing net
Armour
 e - a +0 ring mail
 n - a +1 scale mail (worn)
 r - a +0 pair of boots
Jewellery
 k - a ring of poison resistance (left hand)
Talismans
 c - a beast talisman (active)
 d - a flux talisman
Wands
 b - a wand of digging (1)
 o - a wand of flame (15)
Scrolls
 h - a scroll of identify
 i - 2 scrolls of enchant armour
 m - a scroll of teleportation
Potions
 a - a potion of heal wounds
 f - 3 potions of brilliance
 g - 2 potions of curing
 j - a potion of mutation
 l - a potion of attraction
 q - a potion of cancellation


   Skills:
 - Level 1.1 Fighting
 - Level 2.1 Dodging
 * Level 13.0 Unarmed Combat
 + Level 8.5 Shapeshifting


You had 9 spell levels left.
You didn't know any spells.
Your spell library contained the following spells:

 Spells                   Type           Power      Damage    Failure   Level
 Sting                    Tmut/Pois      0%         1d3       71%         1
 Summon Small Mammal      Summ           0%         N/A       71%         1
 Poisonous Vapours        Pois/Air       0%         N/A       85%         2
 Call Canine Familiar     Summ           0%         N/A       97%         3
 Dazzling Flash           Conj/Hex       0%         N/A       97%         3
 Summon Guardian Golem    Hex/Summ       0%         N/A       97%         3
 Volatile Blastmotes      Fire/Tloc      0%         2d10      97%         3
 Olgreb's Toxic Radiance  Pois           0%         N/A       100%        4
 Starburst                Conj/Fire      0%         6d3       100%        6
 Maxwell's Capacitive Co  Air            0%         ∞         100%        8


Dungeon Overview and Level Annotations

Branches:
Dungeon (8/15) Zot: 1638   Temple (0/1) D:4           Sewer (visited)
   Lair: D:8-11

Altars:
Ashenzari
Dithmenos
Elyvilon
Gozag
Kikubaaqudgha
Nemelex Xobeh
Okawaru
Ru
Trog
Vehumet
Wu Jian
Yredelemnul
Zin
The Shining One

Shops:
D:1 [=


Innate Abilities, Weirdness & Mutations

You are a hulking beast.
Your limbs bulge with bestial killing power. (Slay +4)
You passively map the area around you.
You are easily found by Zot.
You glow in the dark.
You regain HP and MP as you explore.
You have a pair of small horns on your head.
Your mind is acute. (Int +4, Str/Dex -1)


Message History

You punch the wolf!
You kill the wolf!
Your Unarmed Combat skill increases to level 13!
You punch the hound! You headbutt the hound.
You kill the hound!
Aiming: Throw Flame
Press: ? - help, Shift-Dir - straight line, f - troll
Aim: a troll (68% to hit)
The puff of flame hits the troll!
The troll is moderately wounded.
Aiming: Throw Flame
Press: ? - help, Shift-Dir - straight line, f/p - troll
Aim: a troll (lightly wounded, 68% to hit)
The puff of flame hits the troll.
The troll is moderately wounded.
Aiming: Throw Flame
Press: ? - help, Shift-Dir - straight line, f/p - troll
Aim: a troll (moderately wounded, 68% to hit)
The puff of flame hits the troll.
The troll is heavily wounded.
Aiming: Throw Flame
Press: ? - help, Shift-Dir - straight line, f/p - troll
Aim: a troll (heavily wounded, 68% to hit)
The puff of flame hits the troll.
The troll is heavily wounded.
The troll is distracted by your dazzling golden aura.
Aiming: Throw Flame
Press: ? - help, Shift-Dir - straight line, f/p - troll
Aim: a troll (heavily wounded, unaware, hasn't noticed you, 68% to hit)
The puff of flame hits the troll.
The troll is heavily wounded.
The troll is no longer distracted by gold.
You punch the troll!
You headbutt the troll, but do no damage.
The troll is almost dead.
The troll completely misses you. The troll claws you!
* * * LOW HITPOINT WARNING * * *
The troll claws you!
You die...
Your body crumbles into a pile of gold.

*.~....~~~~≈~~........#~,
.~....~.~..~..?......#
.....................#
*...................!. ,
*#########$#.#....# , ,,
####.#......#* ,
#.........<.#.,#####+
##.##T#......#. ......
#..##h#.............(.
#..........#..........
#..........#.#.#......
#..........#.#.#......
#..........#.###......
#................# ,
#..........#######
#.....###### ##.#### *


You could see a troll.

Vanquished Creatures
  Pikel (D:7)
  A shadow (D:8)
  A steam dragon (D:7)
  A water moccasin (Sewer)
  Duvessa (D:7)
  4 black bears
  An ogre (D:5)
  2 wolves (D:8)
  A lemure (D:7)
  A phantom (D:7)
  2 bullfrogs (D:7)
  A gnoll sergeant (D:5)
  2 scorpions
  A wight (D:7)
  Dowan (D:7)
  3 killer bees (D:7)
  2 electric eels (D:8)
  4 hounds
  2 jellies
  An iguana (D:4)
  3 orc wizards (D:4)
  11 gnolls
  4 adders
  3 white imps
  4 ufetubi
  3 worms (D:4)
  2 dart slugs
  13 orcs
  5 ball pythons
  6 goblins
  7 hobgoblins
  2 jackals (Sewer)
  4 quokkas
  4 bats
  A frilled lizard (D:3)
  5 kobolds
  4 rats (D:1)
114 creatures vanquished.

Notes
Turn   | Place    | Note
-------+----------+-------------------------------------------
     0 | D:1      | lunkers the Meteoran Shapeshifter began the quest for the
                  | Orb.
     0 | D:1      | Reached XP level 1. HP: 16/16 MP: 2/2
    57 | D:1      | Reached XP level 2. HP: 23/23 MP: 3/3
    61 | D:1      | Reached skill level 4 in Unarmed Combat
   150 | D:1      | Found Iheuhepn's Jewellery Emporium.
   274 | D:2      | Reached XP level 3. HP: 28/28 MP: 4/4
   334 | D:2      | You fall into a shaft and drop 1 floor!
   562 | D:1      | Found Esuephee's Armour Shop.
   719 | D:3      | Reached XP level 4. HP: 32/35 MP: 5/5
   730 | D:3      | Found a shadowy altar of Dithmenos.
   840 | D:3      | Reached skill level 5 in Unarmed Combat
   846 | D:3      | Reached XP level 5. HP: 19/40 MP: 6/6
   967 | D:3      | Found an opulent altar of Gozag.
   973 | D:3      | Became a worshipper of Gozag Ym Sagoz the Greedy
  1002 | D:3      | Found a glowing silver altar of Zin.
  1142 | D:4      | Reached skill level 6 in Unarmed Combat
  1207 | D:4      | Reached XP level 6. HP: 27/47 MP: 7/7
  1247 | D:4      | Found a staircase to the Ecumenical Temple.
  1348 | D:4      | Found an iron altar of Okawaru.
  1348 | D:4      | Found an ornate altar of the Wu Jian Council.
  1352 | D:4      | Found a sparkling altar of Nemelex Xobeh.
  1369 | D:4      | Found a glowing drain.
  1408 | Sewer    | Entered a sewer
  1471 | Sewer    | Noticed a water moccasin
  1484 | Sewer    | Gained mutation: You have a pair of small horns on your
                  | head. [potion of mutation]
  1484 | Sewer    | Gained mutation: Your mind is acute. (Int +4, Str/Dex -1)
                  | [potion of mutation]
  1490 | Sewer    | Killed a water moccasin
  1491 | Sewer    | Reached skill level 7 in Unarmed Combat
  1491 | Sewer    | Reached skill level 5 in Shapeshifting
  1491 | Sewer    | Reached XP level 7. HP: 5/52 MP: 8/8
  1565 | D:4      | Found a sacrificial altar of Ru.
  1788 | D:4      | Found a white marble altar of Elyvilon.
  1819 | D:5      | Entered Level 5 of the Dungeon
  1819 | D:5      | Found a bloodstained altar of Trog.
  1872 | D:5      | Reached skill level 8 in Unarmed Combat
  1874 | D:6      | Found an ancient bone altar of Kikubaaqudgha.
  2114 | D:5      | Reached XP level 8. HP: 44/59 MP: 9/9
  2125 | D:5      | Found a glowing golden altar of the Shining One.
  2135 | D:5      | Found a basalt altar of Yredelemnul.
  2293 | D:5      | Found a radiant altar of Vehumet.
  2335 | D:5      | HP: 1/59 [ogre/+0 giant club (24)]
  2530 | D:6      | Reached skill level 9 in Unarmed Combat
  2706 | D:7      | Noticed a steam dragon
  2715 | D:7      | Killed a steam dragon
  2716 | D:7      | Reached skill level 10 in Unarmed Combat
  2772 | D:7      | Gained mutation: You passively map the area around you.
                  | [Meteoran growth]
  2772 | D:7      | Reached XP level 9. HP: 61/64 MP: 10/10
  2960 | D:7      | Found a broken altar of Ashenzari.
  2988 | D:7      | Reached skill level 11 in Unarmed Combat
  3006 | D:7      | Noticed Duvessa
  3006 | D:7      | Noticed Dowan
  3012 | D:7      | Killed Dowan
  3023 | D:7      | Killed Duvessa
  3100 | D:7      | Noticed Pikel
  3123 | D:7      | Killed Pikel
  3124 | D:7      | Reached skill level 12 in Unarmed Combat
  3213 | D:7      | Reached XP level 10. HP: 60/71 MP: 11/11
  3324 | D:8      | Reached skill level 13 in Unarmed Combat
  3333 | D:8      | Slain by a troll

Illustrated notes

Levels and vault maps discovered:
D:1:      dpeg_arrival_subterranean_lakeside_camping, layout_basic,
          serial_shops, shop, nicolae_shop_stone, minmay_heptomino_l4
D:2:      layout_loops_cross
D:3:      layout_loops_cross, pdpol_temple_overflow_zin_treasury_gozag_greed,
          grunt_dithmenos_smoke_and_mirrors, kennysheep_generic_room_3
D:4:      layout_cave_pods, elyvilon_altar_3,
          nicolae_overflow_macrodata_refinement, temple_doors_ab,
          cheibrodos_sewer_entry_bend
D:5:      layout_loops_cross, grunt_temple_overflow_holy_war,
          overflow_temple_1_default, mainiacjoe_overflow_surrounded_room,
          kennysheep_pointless_box
D:6:      minmay_inner_zag, layout_gridville, lemuel_doored_altar, led_sif_pool,
          mainiacjoe_overflow_tiny_flanked
D:7:      layout_basic, nicolae_ashenzari_skybound, uniq_duvessa, uniq_pikel
D:8:      layout_rooms, kennysheep_little_box, nzn_hepliaklqana_mist_gate,
          nicolae_qazlal_eye_of_the_storm, erik_lair_island,
          chequers_mini_garden, kennysheep_generic_room_5

Skill      XL: |  1  2  3  4  5  6  7  8  9 10 |
---------------+-------------------------------+-----
Unarmed Combat | 4 5 6 7 8 10 12 13 | 13.0
Shapeshifting  | 4 5 6 8 |  8.5
Fighting       | |  1.1
Dodging        | |  2.1

Action                     |  1- 3 |  4- 6 |  7- 9 | 10-12 || total
---------------------------+-------+-------+-------+-------++-------
  Melee: Unarmed           |    66 |   108 |   160 |    19 ||   353
         Punch             |     3 |     4 |    12 |     1 ||    20
         Headbutt          |       |     2 |    32 |     4 ||    38
  Evoke: Wand              |       |       |     1 |     8 ||     9
    Use: Potion            |       |     6 |     1 |       ||     7
         Scroll            |       |       |    10 |       ||    10
 Armour: Animal skin       |     5 |       |       |       ||     5
         Ring mail         |    17 |    14 |       |       ||    31
         Skin              |       |    45 |       |       ||    45
         Scale mail        |       |    14 |    40 |     4 ||    58
  Dodge: Dodged            |    45 |    65 |    78 |    11 ||   199

Table legend: (Time is in decaauts)
 A = Elapsed time spent in this place.
 B = Non-inter-level travel time spent in this place.
 C = Inter-level travel time spent in this place.
 D = Time resting spent in this place.
 E = Time spent auto-exploring this place.
 F = Levels seen in this place.
 G = Mean time per level.
                   A        B        C        D        E       F      G
               +--------+--------+--------+--------+--------+-----+--------+
         Total |   3304 |   3148 |    156 |     11 |   1972 |   9 |  367.1 |
       Dungeon |   3160 |   3004 |    156 |     11 |   1919 |   8 |  395.0 |
         Sewer |    143 |    143 |      0 |      0 |     53 |   1 |  143.0 |
               +--------+--------+--------+--------+--------+-----+--------+

Top non-repeatable levels by time:
     D:4: 557 daAuts
     D:5: 479 daAuts
     D:6: 476 daAuts
     D:7: 445 daAuts
     D:3: 441 daAuts
     D:2: 396 daAuts
     D:1: 279 daAuts
   Sewer: 143 daAuts
     D:8: 83 daAuts
